Oilers vs Blues

Created - 11 décembre 2023 at 17:13

Goals
1 2 3 T
Oilers 2 1 1 4
Blues 1 0 2 3
Shots
1 2 3 T
Oilers 9 10 12 31
Blues 9 11 7 27

GoalsPenalties
1st period
1. Oilers , Connor McDavid 11 (Ilya Lyubushkin 6) at 7:43
2. Blues , Dawson Mercer 6 (Evan Rodrigues 7, Derick Brassard 4) at 8:31
3. Oilers , Connor McDavid 12 (John Carlson 10) at 18:34
Phillip Danault (EDM) for Hooking (Minor) at 10:38
Erik Gudbranson (EDM) for Roughing (Minor) at 19:19
2nd period
4. Oilers , Barrett Hayton 8 (Phillip Danault 12, Alec Martinez 2) at 17:42 (PP)
Miles Wood (EDM) for Tripping (Minor) at 2:13
Nathan Bastian (STL) for Tripping (Minor) at 9:36
Jordie Benn (STL) for Hooking (Minor) at 17:25
Brayden Schenn (EDM) for Roughing (Minor) at 18:32
3rd period
5. Blues , Patrik Laine 9 (Pavel Buchnevich 5, Marcus Johansson 11) at 9:06
6. Oilers , John Carlson 3 (Pierre Engvall 1) at 12:08
7. Blues , Artturi Lehkonen 12 (Filip Forsberg 14, Jack Johnson 4) at 13:49
Phillip Danault (EDM) for Holding (Minor) at 15:08
Miles Wood (EDM) for Holding (Minor) at 18:29
Goalie Stats
Joonas Korpisalo (EDM), 24 saves from 27 shots - (0,889), W, 10-5-2, 60:00 minutes
Jonathan Quick (STL), 27 saves from 31 shots - (0,871), L, 9-11-1, 60:00 minutes
3 StarsOfficial
1 - Connor McDavid (EDM)
2 - John Carlson (EDM)
3 - Patrik Laine (STL)
Referees : Kenny Anderson and Trevor Hanson
Linesman : Travis Toomey and Brent Hooks
Game Note
No Game Note
Finance
Level 1 -- Attendance: 5564 (92,73%) -- Ticket Income $556,400
Level 2 -- Attendance: 4708 (94,16%) -- Ticket Income $282,480
Level 3 -- Attendance: 1981 (99,05%) -- Ticket Income $79,240
Level 4 -- Attendance: 2839 (70,98%) -- Ticket Income $85,170
Luxury Box -- Attendance: 982 (98,20%) -- Ticket Income $196,400
Game was played at the St.Louis Garden.
Total Attendance: 16074 (89,30%)
Total Ticket Income: $1,199,690
Other Income: $587,848
Total Income: $1,787,538



Team Name Goals Shots Shots Attemp Shots Blocked PIM HIT PP PK FO%
Oilers 43160512191 / 2 (50%)062%
Blues 3274674120 / 6 (0%)138%

Oilers
Player Name POS G A P +/- PIM HIT SHT SB MP PP MP PP SHT PK MP PK SHT FO% FOT GA TA
Alec MartinezD011-1003220:020:5815:0800% 000
Barrett HaytonC/LW101-1013119:511:0915:241100% 311
Brayden SchennC/LW/RW0001221015:411:0000:000100% 100
Brendan GallagherRW0001010010:420:0700:000100% 100
Cody GlassC0001022011:510:0700:52050% 600
Connor McDavidC/LW2021003021:531:0705:33078% 1810
Craig SmithC/LW/RW000-101108:480:0001:3500% 000
Erik GudbransonD0000201121:280:0004:3400% 001
Ilya LyubushkinD011-1020020:210:0006:1700% 000
John CarlsonD1121001117:261:1800:3400% 000
Miles WoodLW/RW000-142106:490:0000:0000% 100
Nico SturmC/LW000-1013012:150:0005:24250% 1411
Owen PowerD0000013017:051:1800:0000% 000
Owen TippettLW/RW000-1021014:201:0900:000100% 110
Phillip DanaultC/LW/RW011-1422018:591:0903:34150% 1410
Pierre EngvallLW/RW0111000010:350:0000:0000% 000
Ryan GravesD0001010023:510:5806:1700% 011
Tim StutzleC/LW0001016016:321:0000:28050% 210
Blues
Player Name POS G A P +/- PIM HIT SHT SB MP PP MP PP SHT PK MP PK SHT FO% FOT GA TA
Artturi LehkonenLW/RW1010024016:301:0800:10050% 200
Dawson MercerC/RW1011001012:170:2800:5200% 101
Derick BrassardC/LW0111002011:080:0000:19050% 400
Evan RodriguesC/LW/RW0111002011:090:0000:0000% 010
Filip ForsbergLW/RW0110013119:224:3800:0000% 100
Jack JohnsonD011-2031022:524:0701:0500% 001
Jamie BennC/LW0000004021:076:2320:00040% 2520
Jarred TinordiD000000000:000:0000:0000% 000
Jordie BennD0002220113:000:0000:0000% 001
Marcus JohanssonC/LW/RW0111001018:524:3800:48035% 2300
Michael BuntingLW000-200007:050:0000:0000% 000
Morgan RiellyD0000000125:577:1801:0500% 000
Nathan BastianC/RW000-2210010:523:1900:1700% 101
Neal PionkD000-2003121:024:0701:1100% 000
Patrik LaineLW/RW1011034121:107:0400:4900% 010
Pavel BuchnevichLW/RW0111001121:066:3701:1700% 100
Rasmus RistolainenD0000000116:300:0001:0500% 000
Sonny MilanoC/LW/RW000-200107:050:0000:00067% 300
Torey KrugD0002000020:387:1800:0600% 003
Zachary SanfordLW/RW000000000:000:0000:0000% 000

Oilers

5 vs 5 Forward
Line #Left WingCenterRight WingPHYDFOFWanted %Time %Time Play
1Tim StutzleConnor McDavidBrayden Schenn0143632%14:42
2Barrett HaytonPhillip DanaultOwen Tippett1223431%14:18
3Pierre EngvallCody GlassBrendan Gallagher1221823%10:35
4Miles WoodNico SturmCraig Smith1311215%6:44
5 vs 5 Defense
Line #DefenseDefensePHYDFOFWanted %Time %Time Play
1Ryan GravesJohn Carlson1223636%16:28
2Owen PowerErik Gudbranson1223436%16:49
3Alec MartinezIlya Lyubushkin1223028%13:02
4John CarlsonErik Gudbranson12200%0:00
Power Play Forward
Line #Left WingCenterRight WingPHYDFOFWanted %Time %Time Play
1Tim StutzleConnor McDavidBrayden Schenn0057049%1:07
2Barrett HaytonPhillip DanaultOwen Tippett0053051%1:09
Power Play Defense
Line #DefenseDefensePHYDFOFWanted %Time %Time Play
1Owen PowerJohn Carlson0147057%1:18
2Ryan GravesAlec Martinez0143043%0:58
Penalty Kill 4 Players Forward
Line #CenterWingPHYDFOFWanted %Time %Time Play
1Nico SturmBarrett Hayton0505047%5:24
2Phillip DanaultConnor McDavid0505053%6:01
Penalty Kill 4 Players Defense
Line #DefenseDefensePHYDFOFWanted %Time %Time Play
1Alec MartinezErik Gudbranson1405045%5:08
2Ryan GravesIlya Lyubushkin1405055%6:17
Penalty Kill 3 Players
Line #WingPHYDFOFWanted %Time %Time PlayDefenseDefensePHYDFOFWanted %Time %Time Play
1Nico Sturm050500%0:00 Alec MartinezErik Gudbranson140500%0:00
2Connor McDavid050500%0:00 Ryan GravesIlya Lyubushkin140500%0:00
4 vs 4 Forward
Line #CenterWingPHYDFOFWanted %Time %Time Play
1Connor McDavidBrayden Schenn122500%0:00
2Phillip DanaultTim Stutzle122500%0:00
4 vs 4 Defense
Line #DefensePHYDFOFWanted %Time %Time Play
1Ryan GravesJohn Carlson122500%0:00
2Owen PowerErik Gudbranson122500%0:00
Last Minutes Offensive
Left WingCenterRight WingDefenseDefense
Tim StutzleConnor McDavidBrayden SchennOwen PowerJohn Carlson
Last Minutes Defensive
Left WingCenterRight WingDefenseDefense
Connor McDavidNico SturmPhillip DanaultRyan GravesErik Gudbranson
Time
Total ForwardTotal DefenseLast Minutes OffensiveLast Minutes Defensive
60:00 60:00 0:000:00
Extra Forwards
Normal PowerPlayPenalty Kill
Connor McDavid, Phillip Danault, Cody GlassCody Glass, Brendan GallagherCraig Smith
Extra Defensemen
Normal PowerPlayPenalty Kill
John Carlson, Owen Power, Alec MartinezIlya Lyubushkin, John CarlsonOwen Power
Penalty Shots
Tim Stutzle, Ryan Graves, Connor McDavid, Owen Power, Cody Glass
Goalie
Joonas Korpisalo, Kaapo Kahkonen
Custom OT Lines Forwards
Connor McDavid, Tim Stutzle, Brayden Schenn, Phillip Danault, Barrett Hayton, Owen Tippett, Cody Glass, Pierre Engvall, Brendan Gallagher, Miles Wood
Custom OT Lines Defensemen
John Carlson, Ryan Graves, Owen Power, Erik Gudbranson, Alec Martinez
Scratches
Vinnie Hinostroza (Healthy), Michael Del Zotto (Healthy)

Blues

5 vs 5 Forward
Line #Left WingCenterRight WingPHYDFOFWanted %Time %Time Play
1Filip ForsbergJamie BennArtturi Lehkonen0233432%14:56
2Patrik LaineMarcus JohanssonPavel Buchnevich0233229%13:34
3Evan RodriguesDerick BrassardDawson Mercer0232423%10:44
4Michael BuntingSonny MilanoNathan Bastian0231015%7:05
5 vs 5 Defense
Line #DefenseDefensePHYDFOFWanted %Time %Time Play
1Rasmus RistolainenMorgan Rielly1223334%15:38
2Neal PionkJack Johnson1223334%15:39
3Torey KrugJordie Benn1222428%13:01
4Jack JohnsonMorgan Rielly122104%2:01
Power Play Forward
Line #Left WingCenterRight WingPHYDFOFWanted %Time %Time Play
1Patrik LaineJamie BennPavel Buchnevich1227059%6:47
2Patrik LaineMarcus JohanssonFilip Forsberg1223041%4:38
Power Play Defense
Line #DefenseDefensePHYDFOFWanted %Time %Time Play
1Torey KrugMorgan Rielly1226064%7:18
2Neal PionkJack Johnson1224036%4:07
Penalty Kill 4 Players Forward
Line #CenterWingPHYDFOFWanted %Time %Time Play
1Nathan BastianPavel Buchnevich04160100%2:16
2Artturi LehkonenDerick Brassard041400%0:00
Penalty Kill 4 Players Defense
Line #DefenseDefensePHYDFOFWanted %Time %Time Play
1Rasmus RistolainenMorgan Rielly0416052%1:11
2Neal PionkJack Johnson0414048%1:05
Penalty Kill 3 Players
Line #WingPHYDFOFWanted %Time %Time PlayDefenseDefensePHYDFOFWanted %Time %Time Play
1Nathan Bastian050500%0:00 Rasmus RistolainenMorgan Rielly050500%0:00
2Artturi Lehkonen050500%0:00 Neal PionkJack Johnson050500%0:00
4 vs 4 Forward
Line #CenterWingPHYDFOFWanted %Time %Time Play
1Jamie BennPatrik Laine023500%0:00
2Dawson MercerPavel Buchnevich023500%0:00
4 vs 4 Defense
Line #DefensePHYDFOFWanted %Time %Time Play
1Torey KrugMorgan Rielly032500%0:00
2Neal PionkJack Johnson032500%0:00
Last Minutes Offensive
Left WingCenterRight WingDefenseDefense
Filip ForsbergJamie BennPavel BuchnevichRasmus RistolainenMorgan Rielly
Last Minutes Defensive
Left WingCenterRight WingDefenseDefense
Artturi LehkonenNathan BastianPavel BuchnevichRasmus RistolainenJordie Benn
Time
Total ForwardTotal DefenseLast Minutes OffensiveLast Minutes Defensive
60:00 60:00 0:000:00
Extra Forwards
Normal PowerPlayPenalty Kill
Patrik Laine, Marcus Johansson, Evan RodriguesNathan Bastian, Marcus JohanssonMarcus Johansson
Extra Defensemen
Normal PowerPlayPenalty Kill
Torey Krug, Jack Johnson, Morgan RiellyTorey Krug, Torey KrugMorgan Rielly
Penalty Shots
Marcus Johansson, Evan Rodrigues, Nathan Bastian, Patrik Laine, Jamie Benn
Goalie
Jonathan Quick, Keith Petruzzelli
Custom OT Lines Forwards
Jamie Benn, Filip Forsberg, Artturi Lehkonen, Patrik Laine, Nathan Bastian, Marcus Johansson, Derick Brassard, Evan Rodrigues, Michael Bunting, Sonny Milano
Custom OT Lines Defensemen
Rasmus Ristolainen, Neal Pionk, Morgan Rielly, Torey Krug, Jack Johnson
Scratches
None


Play-by-Play

1st period


0:01 of 1st period - Jamie Benn wins face-off versus Tim Stutzle in neutral zone.
0:05 of 1st period - Off-side.
0:06 of 1st period - Connor McDavid wins face-off versus Jamie Benn in neutral zone.
0:08 of 1st period - Off-side.
0:09 of 1st period - Jamie Benn wins face-off versus Connor McDavid in neutral zone.
0:16 of 1st period - Snap shot by Artturi Lehkonen.
0:16 of 1st period - Stopped by Joonas Korpisalo with a rebound.
1:49 of 1st period - Wrist shot by Artturi Lehkonen.
1:49 of 1st period - Shot Hit the Post.
1:57 of 1st period - Wrist shot by Tim Stutzle.
1:57 of 1st period - Stopped by Jonathan Quick with a rebound.
2:03 of 1st period - Wrist shot by Connor McDavid.
2:03 of 1st period - Shot Misses the Net.
2:30 of 1st period - Icing by John Carlson.
2:31 of 1st period - Connor McDavid wins face-off versus Marcus Johansson in Oilers zone.
2:36 of 1st period - Snap shot by Tim Stutzle.
2:36 of 1st period - Stopped by Jonathan Quick without a rebound.
2:37 of 1st period - Phillip Danault wins face-off versus Marcus Johansson in Blues zone.
2:40 of 1st period - Wrist shot by Owen Tippett.
2:40 of 1st period - Stopped by Jonathan Quick without a rebound.
2:41 of 1st period - Marcus Johansson wins face-off versus Phillip Danault in Blues zone.
3:00 of 1st period - Slapshot by Pavel Buchnevich.
3:00 of 1st period - Stopped by Joonas Korpisalo without a rebound.
3:01 of 1st period - Derick Brassard wins face-off versus Cody Glass in Oilers zone.
3:16 of 1st period - Snap shot by Derick Brassard.
3:16 of 1st period - Stopped by Joonas Korpisalo without a rebound.
3:17 of 1st period - Barrett Hayton wins face-off versus Marcus Johansson in Oilers zone.
4:15 of 1st period - Wrist shot by Michael Bunting.
4:15 of 1st period - Shot Misses the Net.
4:36 of 1st period - Slapshot by Patrik Laine.
4:36 of 1st period - Deflect By Marcus Johansson.
4:36 of 1st period - Shot Misses the Net.
4:36 of 1st period - Puck is out of play.
4:37 of 1st period - Brendan Gallagher wins face-off versus Derick Brassard in Oilers zone.
6:16 of 1st period - Icing by Erik Gudbranson.
6:17 of 1st period - Cody Glass wins face-off versus Derick Brassard in Oilers zone.
6:50 of 1st period - Backhand shot by Derick Brassard.
6:50 of 1st period - Stopped by Joonas Korpisalo without a rebound.
6:51 of 1st period - Marcus Johansson wins face-off versus Phillip Danault in Oilers zone.
7:18 of 1st period - Ryan Graves is hit by Artturi Lehkonen and loses puck.
7:43 of 1st period - Snap shot by Connor McDavid.
7:43 of 1st period - Goal by Connor McDavid - Oilers : 1 - Blues : 0.
7:44 of 1st period - Marcus Johansson wins face-off versus Phillip Danault in neutral zone.
8:16 of 1st period - Icing by Evan Rodrigues.
8:17 of 1st period - Derick Brassard wins face-off versus Miles Wood in Blues zone.
8:17 of 1st period - Derick Brassard is hit by Miles Wood.
8:31 of 1st period - Wrist shot by Dawson Mercer.
8:31 of 1st period - Goal by Dawson Mercer - Oilers : 1 - Blues : 1.
8:32 of 1st period - Marcus Johansson wins face-off versus Phillip Danault in neutral zone.
8:47 of 1st period - Pavel Buchnevich is hit by Owen Tippett and loses puck.
9:03 of 1st period - Snap shot by Tim Stutzle.
9:03 of 1st period - Stopped by Jonathan Quick without a rebound.
9:04 of 1st period - Cody Glass wins face-off versus Filip Forsberg in Blues zone.
10:31 of 1st period - Snap shot by Filip Forsberg.
10:31 of 1st period - Shot Misses the Net.
10:33 of 1st period - Slapshot by Neal Pionk.
10:33 of 1st period - Stopped by Joonas Korpisalo without a rebound.
10:34 of 1st period - Jamie Benn wins face-off versus Phillip Danault in Oilers zone.
10:38 of 1st period - Minor Penalty to Phillip Danault for Hooking.
10:39 of 1st period - Jamie Benn wins face-off versus Nico Sturm in Oilers zone.
10:41 of 1st period - Slapshot by Patrik Laine.
10:41 of 1st period - Deflect By Jamie Benn.
10:41 of 1st period - Stopped by Joonas Korpisalo without a rebound.
10:42 of 1st period - Nico Sturm wins face-off versus Jamie Benn in Oilers zone.
11:17 of 1st period - Snap shot by Barrett Hayton.
11:17 of 1st period - Stopped by Jonathan Quick with a rebound.
12:32 of 1st period - Wrist shot by Craig Smith.
12:32 of 1st period - Shot Misses the Net.
12:38 of 1st period - Penalty to Phillip Danault is over, Phillip Danault is back on ice.
13:01 of 1st period - Off-side.
13:02 of 1st period - Sonny Milano wins face-off versus Cody Glass in neutral zone.
13:56 of 1st period - Wrist shot by Tim Stutzle.
13:56 of 1st period - Shot Misses the Net.
14:12 of 1st period - Backhand shot by Dawson Mercer.
14:12 of 1st period - Shot Hit the Post.
14:38 of 1st period - Wrist shot by Brendan Gallagher.
14:38 of 1st period - Deflect By Cody Glass.
14:38 of 1st period - Shot Blocked by Rasmus Ristolainen.
14:38 of 1st period - Puck is out of play.
14:39 of 1st period - Connor McDavid wins face-off versus Marcus Johansson in Blues zone.
14:56 of 1st period - Wrist shot by Tim Stutzle.
14:56 of 1st period - Shot Misses the Net.
15:06 of 1st period - Pavel Buchnevich is hit by Cody Glass and loses puck.
16:04 of 1st period - Snap shot by Patrik Laine.
16:04 of 1st period - Stopped by Joonas Korpisalo with a rebound.
16:06 of 1st period - Wrist shot by Patrik Laine.
16:06 of 1st period - Shot Misses the Net.
16:20 of 1st period - Wrist shot by Patrik Laine.
16:20 of 1st period - Stopped by Joonas Korpisalo without a rebound.
16:21 of 1st period - Barrett Hayton wins face-off versus Jamie Benn in Oilers zone.
16:21 of 1st period - Barrett Hayton is hit by Artturi Lehkonen.
16:47 of 1st period - Derick Brassard is hit by Tim Stutzle.
16:53 of 1st period - Wrist shot by Connor McDavid.
16:53 of 1st period - Shot Misses the Net.
16:55 of 1st period - Snap shot by Brayden Schenn.
16:55 of 1st period - Shot Blocked by Neal Pionk.
16:57 of 1st period - Slapshot by Erik Gudbranson.
16:57 of 1st period - Stopped by Jonathan Quick with a rebound.
17:01 of 1st period - Snap shot by Connor McDavid.
17:01 of 1st period - Shot Misses the Net.
18:09 of 1st period - Artturi Lehkonen is hit by Owen Tippett and loses puck.
18:23 of 1st period - Owen Tippett is hit by Jack Johnson and loses puck.
18:34 of 1st period - Slapshot by Connor McDavid.
18:34 of 1st period - Goal by Connor McDavid - Oilers : 2 - Blues : 1.
18:35 of 1st period - Connor McDavid wins face-off versus Jamie Benn in neutral zone.
19:02 of 1st period - Phillip Danault is hit by Patrik Laine and loses puck.
19:19 of 1st period - Minor Penalty to Erik Gudbranson for Roughing.
19:20 of 1st period - Nico Sturm wins face-off versus Jamie Benn in Oilers zone.
19:31 of 1st period - Slapshot by Nico Sturm.
19:31 of 1st period - Stopped by Jonathan Quick without a rebound.
19:32 of 1st period - Nico Sturm wins face-off versus Jamie Benn in Blues zone.
Goals for this period are 2 for Oilers vs 1 for Blues.
Shots for this period are 9 for Oilers vs 9 for Blues.

2nd period


0:01 of 2nd period - Barrett Hayton wins face-off versus Jamie Benn in neutral zone.
0:04 of 2nd period - Slapshot by Nico Sturm.
0:04 of 2nd period - Shot Misses the Net.
1:19 of 2nd period - Penalty to Erik Gudbranson is over, Erik Gudbranson is back on ice.
1:26 of 2nd period - Evan Rodrigues is hit by Ilya Lyubushkin and loses puck.
1:35 of 2nd period - Icing by Erik Gudbranson.
1:36 of 2nd period - Phillip Danault wins face-off versus Sonny Milano in Oilers zone.
1:49 of 2nd period - Snap shot by Phillip Danault.
1:49 of 2nd period - Stopped by Jonathan Quick without a rebound.
1:50 of 2nd period - Artturi Lehkonen wins face-off versus Nico Sturm in Blues zone.
1:59 of 2nd period - Snap shot by Jamie Benn.
1:59 of 2nd period - Stopped by Joonas Korpisalo with a rebound.
2:13 of 2nd period - Minor Penalty to Miles Wood for Tripping.
2:14 of 2nd period - Jamie Benn wins face-off versus Nico Sturm in Oilers zone.
2:40 of 2nd period - Torey Krug is hit by Ilya Lyubushkin and loses puck.
2:57 of 2nd period - Wrist shot by Nico Sturm.
2:57 of 2nd period - Stopped by Jonathan Quick without a rebound.
2:58 of 2nd period - Jamie Benn wins face-off versus Nico Sturm in Blues zone.
3:18 of 2nd period - Slapshot by Phillip Danault.
3:18 of 2nd period - Stopped by Jonathan Quick with a rebound.
4:13 of 2nd period - Penalty to Miles Wood is over, Miles Wood is back on ice.
5:07 of 2nd period - Wrist shot by Miles Wood.
5:07 of 2nd period - Shot Misses the Net.
5:44 of 2nd period - Neal Pionk is hit by Brendan Gallagher and loses puck.
6:01 of 2nd period - Wrist shot by Connor McDavid.
6:01 of 2nd period - Shot Misses the Net.
6:13 of 2nd period - Neal Pionk is hit by Ryan Graves and loses puck.
6:20 of 2nd period - Marcus Johansson is hit by Craig Smith and loses puck.
6:52 of 2nd period - Snap shot by Cody Glass.
6:52 of 2nd period - Stopped by Jonathan Quick with a rebound.
6:56 of 2nd period - Slapshot by Cody Glass.
6:56 of 2nd period - Stopped by Jonathan Quick without a rebound.
6:57 of 2nd period - Marcus Johansson wins face-off versus Cody Glass in Blues zone.
7:44 of 2nd period - Snap shot by Filip Forsberg.
7:44 of 2nd period - Stopped by Joonas Korpisalo without a rebound.
7:45 of 2nd period - Phillip Danault wins face-off versus Artturi Lehkonen in Oilers zone.
8:01 of 2nd period - Slapshot by Filip Forsberg.
8:01 of 2nd period - Stopped by Joonas Korpisalo with a rebound.
8:20 of 2nd period - Wrist shot by Artturi Lehkonen.
8:20 of 2nd period - Shot Misses the Net.
8:22 of 2nd period - Slapshot by Neal Pionk.
8:22 of 2nd period - Stopped by Joonas Korpisalo with a rebound.
8:32 of 2nd period - Snap shot by Artturi Lehkonen.
8:32 of 2nd period - Stopped by Joonas Korpisalo without a rebound.
8:33 of 2nd period - Connor McDavid wins face-off versus Marcus Johansson in Oilers zone.
9:25 of 2nd period - Morgan Rielly is hit by Miles Wood and loses puck.
9:36 of 2nd period - Minor Penalty to Nathan Bastian for Tripping.
9:37 of 2nd period - Marcus Johansson wins face-off versus Connor McDavid in Blues zone.
10:04 of 2nd period - Barrett Hayton is hit by Jack Johnson and loses puck.
11:36 of 2nd period - Penalty to Nathan Bastian is over, Nathan Bastian is back on ice.
11:40 of 2nd period - Off-side.
11:41 of 2nd period - Nico Sturm wins face-off versus Jamie Benn in neutral zone.
11:53 of 2nd period - Snap shot by Craig Smith.
11:53 of 2nd period - Stopped by Jonathan Quick with a rebound.
11:55 of 2nd period - Snap shot by Alec Martinez.
11:55 of 2nd period - Shot Blocked by Jordie Benn.
11:57 of 2nd period - Backhand shot by Ilya Lyubushkin.
11:57 of 2nd period - Shot Blocked by Filip Forsberg.
13:10 of 2nd period - Wrist shot by Jack Johnson.
13:10 of 2nd period - Shot Blocked by Barrett Hayton.
13:16 of 2nd period - Snap shot by Evan Rodrigues.
13:16 of 2nd period - Stopped by Joonas Korpisalo without a rebound.
13:17 of 2nd period - Connor McDavid wins face-off versus Marcus Johansson in Oilers zone.
13:17 of 2nd period - Connor McDavid is hit by Jordie Benn.
13:31 of 2nd period - Slapshot by Marcus Johansson.
13:31 of 2nd period - Stopped by Joonas Korpisalo with a rebound.
14:07 of 2nd period - Icing by Alec Martinez.
14:08 of 2nd period - Sonny Milano wins face-off versus Nico Sturm in Oilers zone.
14:13 of 2nd period - Slapshot by Michael Bunting.
14:13 of 2nd period - Shot Misses the Net.
14:15 of 2nd period - Slapshot by Sonny Milano.
14:15 of 2nd period - Stopped by Joonas Korpisalo without a rebound.
14:16 of 2nd period - Tim Stutzle wins face-off versus Marcus Johansson in Oilers zone.
14:23 of 2nd period - Snap shot by Connor McDavid.
14:23 of 2nd period - Stopped by Jonathan Quick with a rebound.
14:25 of 2nd period - Slapshot by Connor McDavid.
14:25 of 2nd period - Shot Misses the Net.
14:27 of 2nd period - Slapshot by Owen Power.
14:27 of 2nd period - Stopped by Jonathan Quick without a rebound.
14:28 of 2nd period - Connor McDavid wins face-off versus Marcus Johansson in Blues zone.
14:55 of 2nd period - Jack Johnson is hit by Barrett Hayton and loses puck.
15:56 of 2nd period - Snap shot by Artturi Lehkonen.
15:56 of 2nd period - Stopped by Joonas Korpisalo without a rebound.
15:57 of 2nd period - Connor McDavid wins face-off versus Jamie Benn in Oilers zone.
16:04 of 2nd period - Icing by Filip Forsberg.
16:05 of 2nd period - Connor McDavid wins face-off versus Jamie Benn in Blues zone.
16:44 of 2nd period - Snap shot by Connor McDavid.
16:44 of 2nd period - Shot Misses the Net.
17:14 of 2nd period - Snap shot by Jamie Benn.
17:14 of 2nd period - Stopped by Joonas Korpisalo with a rebound.
17:25 of 2nd period - Minor Penalty to Jordie Benn for Hooking.
17:26 of 2nd period - Phillip Danault wins face-off versus Nathan Bastian in Blues zone.
17:34 of 2nd period - Snap shot by Barrett Hayton.
17:34 of 2nd period - Shot Blocked by Pavel Buchnevich.
17:36 of 2nd period - Wrist shot by Phillip Danault.
17:36 of 2nd period - Shot Blocked by Morgan Rielly.
17:38 of 2nd period - Slapshot by Alec Martinez.
17:38 of 2nd period - Stopped by Jonathan Quick with a rebound.
17:40 of 2nd period - Wrist shot by Phillip Danault.
17:40 of 2nd period - Shot Misses the Net.
17:42 of 2nd period - Wrist shot by Barrett Hayton.
17:42 of 2nd period - Goal by Barrett Hayton - Oilers : 3 - Blues : 1.
17:43 of 2nd period - Phillip Danault wins face-off versus Marcus Johansson in neutral zone.
17:46 of 2nd period - Jack Johnson is hit by Phillip Danault and loses puck.
17:55 of 2nd period - Snap shot by Phillip Danault.
17:55 of 2nd period - Shot Misses the Net.
18:32 of 2nd period - Minor Penalty to Brayden Schenn for Roughing.
18:33 of 2nd period - Jamie Benn wins face-off versus Nico Sturm in Oilers zone.
19:22 of 2nd period - Backhand shot by Jamie Benn.
19:22 of 2nd period - Stopped by Joonas Korpisalo with a rebound.
19:58 of 2nd period - Connor McDavid is hit by Jack Johnson and loses puck.
Goals for this period are 1 for Oilers vs 0 for Blues.
Shots for this period are 10 for Oilers vs 11 for Blues.

3rd period


0:01 of 3rd period - Nico Sturm wins face-off versus Jamie Benn in neutral zone.
0:06 of 3rd period - Wrist shot by Nico Sturm.
0:06 of 3rd period - Shot Blocked by Patrik Laine.
0:32 of 3rd period - Penalty to Brayden Schenn is over, Brayden Schenn is back on ice.
1:41 of 3rd period - John Carlson is hit by Filip Forsberg.
1:50 of 3rd period - John Carlson is hit by Jordie Benn and loses puck.
1:59 of 3rd period - Wrist shot by Miles Wood.
1:59 of 3rd period - Stopped by Jonathan Quick with a rebound.
2:01 of 3rd period - Slapshot by John Carlson.
2:01 of 3rd period - Shot Misses the Net.
2:19 of 3rd period - Jordie Benn is hit by Cody Glass and loses puck.
2:36 of 3rd period - Wrist shot by Tim Stutzle.
2:36 of 3rd period - Deflect By Torey Krug.
2:36 of 3rd period - Shot Misses the Net.
2:36 of 3rd period - Puck is out of play.
2:37 of 3rd period - Jamie Benn wins face-off versus Connor McDavid in Blues zone.
3:14 of 3rd period - Wrist shot by Patrik Laine.
3:14 of 3rd period - Shot Blocked by Alec Martinez.
3:38 of 3rd period - Wrist shot by Evan Rodrigues.
3:38 of 3rd period - Shot Misses the Net.
3:40 of 3rd period - Slapshot by Jack Johnson.
3:40 of 3rd period - Deflect By Derick Brassard.
3:40 of 3rd period - Shot Misses the Net.
3:40 of 3rd period - Puck is out of play.
3:41 of 3rd period - Jamie Benn wins face-off versus Connor McDavid in Oilers zone.
4:54 of 3rd period - Owen Power is hit by Patrik Laine and loses puck.
6:23 of 3rd period - Snap shot by Tim Stutzle.
6:23 of 3rd period - Stopped by Jonathan Quick with a rebound.
6:25 of 3rd period - Slapshot by Alec Martinez.
6:25 of 3rd period - Stopped by Jonathan Quick with a rebound.
6:55 of 3rd period - Rasmus Ristolainen is hit by Phillip Danault and loses puck.
7:20 of 3rd period - Snap shot by Tim Stutzle.
7:20 of 3rd period - Stopped by Jonathan Quick with a rebound.
7:22 of 3rd period - Snap shot by Brayden Schenn.
7:22 of 3rd period - Stopped by Jonathan Quick without a rebound.
7:23 of 3rd period - Phillip Danault wins face-off versus Jamie Benn in Blues zone.
8:12 of 3rd period - Morgan Rielly is hit by Owen Power and loses puck.
8:33 of 3rd period - Wrist shot by Nico Sturm.
8:33 of 3rd period - Stopped by Jonathan Quick with a rebound.
8:35 of 3rd period - Slapshot by Alec Martinez.
8:35 of 3rd period - Deflect By Marcus Johansson.
8:35 of 3rd period - Stopped by Jonathan Quick without a rebound.
8:36 of 3rd period - Connor McDavid wins face-off versus Marcus Johansson in Blues zone.
8:44 of 3rd period - Slapshot by Connor McDavid.
8:44 of 3rd period - Shot Misses the Net.
9:06 of 3rd period - Snap shot by Patrik Laine.
9:06 of 3rd period - Goal by Patrik Laine - Oilers : 3 - Blues : 2.
9:07 of 3rd period - Phillip Danault wins face-off versus Marcus Johansson in neutral zone.
9:14 of 3rd period - Slapshot by Barrett Hayton.
9:14 of 3rd period - Deflect By Owen Tippett.
9:14 of 3rd period - Shot Misses the Net.
9:14 of 3rd period - Puck is out of play.
9:15 of 3rd period - Marcus Johansson wins face-off versus Phillip Danault in Blues zone.
10:34 of 3rd period - Snap shot by Nathan Bastian.
10:34 of 3rd period - Shot Misses the Net.
10:46 of 3rd period - Wrist shot by Pavel Buchnevich.
10:46 of 3rd period - Shot Blocked by Alec Martinez.
10:48 of 3rd period - Wrist shot by Marcus Johansson.
10:48 of 3rd period - Deflect By Patrik Laine.
10:48 of 3rd period - Stopped by Joonas Korpisalo without a rebound.
10:49 of 3rd period - Owen Tippett wins face-off versus Marcus Johansson in Oilers zone.
11:02 of 3rd period - Slapshot by Phillip Danault.
11:02 of 3rd period - Shot Misses the Net.
11:04 of 3rd period - Wrist shot by Owen Tippett.
11:04 of 3rd period - Shot Misses the Net.
11:06 of 3rd period - Slapshot by Owen Power.
11:06 of 3rd period - Stopped by Jonathan Quick with a rebound.
11:08 of 3rd period - Slapshot by Owen Power.
11:08 of 3rd period - Stopped by Jonathan Quick without a rebound.
11:09 of 3rd period - Connor McDavid wins face-off versus Jamie Benn in Blues zone.
11:12 of 3rd period - Slapshot by Tim Stutzle.
11:12 of 3rd period - Stopped by Jonathan Quick with a rebound.
11:14 of 3rd period - Slapshot by Tim Stutzle.
11:14 of 3rd period - Shot Misses the Net.
12:08 of 3rd period - Snap shot by John Carlson.
12:08 of 3rd period - Goal by John Carlson - Oilers : 4 - Blues : 2.
12:09 of 3rd period - Brayden Schenn wins face-off versus Pavel Buchnevich in neutral zone.
12:11 of 3rd period - Off-side.
12:12 of 3rd period - Connor McDavid wins face-off versus Marcus Johansson in neutral zone.
12:17 of 3rd period - Patrik Laine is hit by Brayden Schenn.
13:07 of 3rd period - Backhand shot by Evan Rodrigues.
13:07 of 3rd period - Stopped by Joonas Korpisalo with a rebound.
13:09 of 3rd period - Snap shot by Derick Brassard.
13:09 of 3rd period - Shot Misses the Net.
13:11 of 3rd period - Slapshot by Evan Rodrigues.
13:11 of 3rd period - Shot Misses the Net.
13:13 of 3rd period - Slapshot by Neal Pionk.
13:13 of 3rd period - Deflect By Owen Power.
13:13 of 3rd period - Stopped by Joonas Korpisalo without a rebound.
13:14 of 3rd period - Connor McDavid wins face-off versus Marcus Johansson in Oilers zone.
13:14 of 3rd period - Connor McDavid is hit by Patrik Laine.
13:49 of 3rd period - Slapshot by Artturi Lehkonen.
13:49 of 3rd period - Goal by Artturi Lehkonen - Oilers : 4 - Blues : 3.
13:50 of 3rd period - Connor McDavid wins face-off versus Jamie Benn in neutral zone.
13:53 of 3rd period - Artturi Lehkonen is hit by Brayden Schenn and loses puck.
14:42 of 3rd period - Slapshot by Filip Forsberg.
14:42 of 3rd period - Stopped by Joonas Korpisalo with a rebound.
14:44 of 3rd period - Snap shot by Artturi Lehkonen.
14:44 of 3rd period - Deflect By Filip Forsberg.
14:44 of 3rd period - Shot Blocked by John Carlson.
14:44 of 3rd period - Puck is out of play.
14:45 of 3rd period - Marcus Johansson wins face-off versus Phillip Danault in Oilers zone.
15:08 of 3rd period - Minor Penalty to Phillip Danault for Holding.
15:09 of 3rd period - Nico Sturm wins face-off versus Jamie Benn in Oilers zone.
15:28 of 3rd period - Slapshot by Connor McDavid.
15:28 of 3rd period - Shot Misses the Net.
16:01 of 3rd period - Marcus Johansson is hit by Nico Sturm and loses puck.
17:08 of 3rd period - Penalty to Phillip Danault is over, Phillip Danault is back on ice.
17:10 of 3rd period - Phillip Danault is hit by Nathan Bastian and loses puck.
17:34 of 3rd period - Icing by Ryan Graves.
17:35 of 3rd period - Cody Glass wins face-off versus Marcus Johansson in Oilers zone.
17:54 of 3rd period - Snap shot by Barrett Hayton.
17:54 of 3rd period - Stopped by Jonathan Quick with a rebound.
18:22 of 3rd period - Snap shot by Sonny Milano.
18:22 of 3rd period - Shot Misses the Net.
18:24 of 3rd period - Slapshot by Jack Johnson.
18:24 of 3rd period - Shot Blocked by Erik Gudbranson.
18:26 of 3rd period - Slapshot by Jack Johnson.
18:26 of 3rd period - Stopped by Joonas Korpisalo without a rebound.
18:27 of 3rd period - Nico Sturm wins face-off versus Dawson Mercer in Oilers zone.
18:29 of 3rd period - Minor Penalty to Miles Wood for Holding.
18:30 of 3rd period - Jamie Benn wins face-off versus Nico Sturm in Oilers zone.
19:40 of 3rd period - Slapshot by Ryan Graves.
19:40 of 3rd period - Shot Misses the Net.
Goals for this period are 1 for Oilers vs 2 for Blues.
Shots for this period are 12 for Oilers vs 7 for Blues.